 Dungeon Crawl Stone Soup version 0.30-a0-377-g5cb311bc9f (webtiles) character file.

Game seed: 18096449516464748342

191 qeuew the Trooper (level 5, -1/43 HPs)
             Began as a Demonspawn Monk on Nov 27, 2022.
             Slain by an iron imp (3 damage)
             ... on level 3 of the Dungeon.
             The game lasted 00:06:48 (2078 turns).

qeuew the Trooper (Demonspawn Monk)                 Turns: 2078, Time: 00:06:48

Health: -1/43      AC:  7    Str: 12      XL:     5   Next: 41%
Magic:  5/5        EV: 12    Int: 11      God:
Gold:   100        SH:  0    Dex: 18 (19) Spells: 4/4 levels left

rFire   . . .      SeeInvis .    a - +0 spear
rCold   . . .      Faith    .    (no shield)
rNeg    . . .      Spirit   .    g - +0 ring mail
rPois   .          Reflect  .    i - +1 helmet
rElec   .          Harm     .    (no cloak)
rCorr   .          Rampage  .    (no gloves)
Will    .....      Clarity  +    (no boots)
Stlth   ..........               (no amulet)
HPRegen 0.27/turn                (no ring)
MPRegen 0.18/turn                (no ring)

@: confused, ambrosia-drunk
A: claws 2, foul stench 1, magic regeneration, agile 1, clarity
a: no special abilities


You were on level 3 of the Dungeon.
You visited 1 branch of the dungeon, and saw 3 of its levels.

You collected 100 gold pieces.

Inventory:

Hand Weapons
 a - a +0 spear (weapon)
Armour
 g - a +0 ring mail (worn)
 i - a +1 helmet (worn)
Wands
 h - a wand of polymorph (5)
Scrolls
 e - a scroll of fear {unknown}
 f - 3 scrolls of teleportation
Potions
 c - a potion of ambrosia
 d - a potion of mutation


   Skills:
 * Level 4.4 Fighting
 + Level 3.4 Polearms
 + Level 1.7 Armour
 + Level 3.4 Dodging
 - Level 1.8 Stealth
 + Level 1.1 Evocations


You had 4 spell levels left.
You didn't know any spells.
Your spell library was empty.

Dungeon Overview and Level Annotations

Branches:
Dungeon (3/15)

Altars:
Makhleb


Innate Abilities, Weirdness & Mutations

You have very sharp fingernails.
You may rarely emit foul miasma when damaged in melee.
You regenerate magic rapidly.
You are agile. (Dex +4, Str/Int -1)
You possess an exceptional clarity of mind.


Message History

The iron imp closely misses you. The iron imp hits you!
* * * LOW HITPOINT WARNING * * *
The iron imp barely misses you.
Unknown command.
You feel much better. The iron imp barely misses you. x2
You hit the iron imp but do no damage.
The iron imp is heavily wounded.
The iron imp barely misses you. The iron imp misses you.
You closely miss the iron imp.
The iron imp is heavily wounded.
The iron imp hits you. The iron imp closely misses you.
You hit the iron imp but do no damage.
The iron imp is heavily wounded.
The iron imp hits you but does no damage. x2
The iron imp hits you.
You hit the iron imp but do no damage.
The iron imp is heavily wounded.
The iron imp closely misses you. The iron imp barely misses you.
You hit the iron imp.
The iron imp is severely wounded.
The iron imp hits you!
* * * LOW HITPOINT WARNING * * *
You emit a cloud of foul miasma!
The iron imp barely misses you. x2
You closely miss the iron imp.
The iron imp is severely wounded.
The iron imp barely misses you.
You hit the iron imp.
The iron imp is almost dead.
The iron imp closely misses you. The iron imp hits you.
* * * LOW HITPOINT WARNING * * *
The iron imp closely misses you.
You hit the iron imp.
You kill the iron imp!
The iron imp hits you but does no damage.
Unknown command.
You are confused.
You feel invigorated. The iron imp hits you.
* * * LOW HITPOINT WARNING * * *
The iron imp hits you.
You die...

#####...##.(.#..##.#.#...#..).###
#....##......>...#...####...#....
#....####......................##
#....###..#.##.##................
#......#############.........####
#......#.........................
#...<###.≈§§§..........†.........
#....# #.≈§≈§§...................
#....# #...§§≈..@5.....####.<##..
#....# #.....≈§5.....#.# ##.##..
###### #....§≈≈.§....#.# #.##..
#.._...8≈....##.# #.....
#....§§≈.....##.# #..#..
#.....≈≈........# #..#..
#§...≈≈......#..#####..##.
#5§≈§≈.......#.....##..#..
#.≈≈§........#.....#.....#


You could see 2 iron imps.

Vanquished Creatures
  A hound (D:3)
  An iron imp (D:3)
  Natasha (thrice) (D:3)
  A worm (D:2)
  3 dart slugs
  7 ball pythons
  3 endoplasms
  2 giant cockroaches
  7 goblins (D:1)
  A hobgoblin (D:2)
  7 jackals (D:2)
  2 kobolds
  2 quokkas (D:1)
  7 bats
  A bat simulacrum (D:3)
  A frilled lizard (D:1)
  2 rats
51 creatures vanquished.

Vanquished Creatures (others)
  18 plants (D:1)
18 creatures vanquished.

Grand Total: 69 creatures vanquished

Notes
Turn   | Place    | Note
-------+----------+-------------------------------------------
     0 | D:1      | qeuew the Demonspawn Monk began the quest for the Orb.
     0 | D:1      | Reached XP level 1. HP: 18/18 MP: 1/1
   181 | D:1      | Gained mutation: You have sharp fingernails. [demonic
                  | ancestry]
   181 | D:1      | Reached XP level 2. HP: 23/24 MP: 2/2
   914 | D:1      | Gained mutation: You may rarely emit foul miasma when
                  | damaged in melee. [demonic ancestry]
   914 | D:1      | Reached XP level 3. HP: 29/29 MP: 3/3
   924 | D:1      | Gained mutation: You possess an exceptional clarity of
                  | mind. [potion of mutation]
   924 | D:1      | Gained mutation: You are agile. (Dex +4, Str/Int -1)
                  | [potion of mutation]
  1094 | D:2      | Reached skill level 1 in Armour
  1257 | D:2      | Identified the +0 quarterstaff of the Median {drain, Dex+3}
  1660 | D:3      | Reached skill level 4 in Fighting
  1660 | D:3      | Gained mutation: You have very sharp fingernails. [demonic
                  | ancestry]
  1660 | D:3      | Reached XP level 4. HP: 36/37 MP: 4/4
  1673 | D:3      | Noticed Natasha
  1721 | D:3      | Killed Natasha
  1754 | D:3      | Noticed Natasha
  1765 | D:3      | Killed Natasha
  1766 | D:3      | Gained mutation: You regenerate magic rapidly. [demonic
                  | ancestry]
  1766 | D:3      | Reached XP level 5. HP: 24/42 MP: 5/5
  1967 | D:3      | Noticed Natasha
  1980 | D:3      | Killed Natasha
  1981 | D:3      | Reached skill level 1 in Evocations
  2038 | D:3      | Found a burning altar of Makhleb.
  2078 | D:3      | HP: 2/43 [iron imp (4)]
  2078 | D:3      | Slain by an iron imp

Illustrated notes

Levels and vault maps discovered:
D:1:      roderic_crop_circles_arrival_small, layout_basic,
          minmay_misc_feat_room, hangedman_decor_diamond_cutter
D:2:      layout_basic, chequers_decorated_corner
D:3:      layout_rooms, mainiacjoe_overflow_catwalk, demons_altar,
          serial_corexii_hall, corexii_hall_statues_l, corexii_hall_statues_s,
          goddamned_bats, uniq_natasha

Skill      XL: |  1  2  3  4  5 |
---------------+----------------+-----
Dodging        | 3 |  3.4
Polearms       | 3 |  3.4
Armour         | 1 |  1.7
Fighting       | 4 |  4.4
Evocations     | 1 |  1.1
Stealth        | |  1.8

Action                   |  1- 3 |  4- 6 || total
-------------------------+-------+-------++-------
Melee: Spear             |   182 |    81 ||   263
       Punch             |     1 |       ||     1
  Use: Potion            |     6 |     3 ||     9
       Scroll            |     3 |       ||     3
 Stab: Sleeping          |     8 |       ||     8
       Distracted        |       |     1 ||     1
Armor: Robe              |    11 |       ||    11
       Ring mail         |    18 |    44 ||    62
Dodge: Dodged            |    95 |    68 ||   163

Table legend: (Time is in decaauts)
 A = Elapsed time spent in this place.
 B = Non-inter-level travel time spent in this place.
 C = Inter-level travel time spent in this place.
 D = Time resting spent in this place.
 E = Time spent auto-exploring this place.
 F = Levels seen in this place.
 G = Mean time per level.
                   A        B        C        D        E       F      G
               +--------+--------+--------+--------+--------+-----+--------+
         Total |   2087 |   2020 |     67 |      0 |   1502 |   3 |  695.7 |
       Dungeon |   2087 |   2020 |     67 |      0 |   1502 |   3 |  695.7 |
               +--------+--------+--------+--------+--------+-----+--------+

Top non-repeatable levels by time:
     D:1: 944 daAuts
     D:2: 646 daAuts
     D:3: 496 daAuts
